 Dungeon Crawl Stone Soup version 0.30-a0-627-gc11e7ae810 (webtiles) character file.

Game seed: 14074048023800181866

3866 tensugalgo the Magician (level 10, -7/72 HPs)
             Began as a Djinni Fire Elementalist on Jan 12, 2023.
             Was an Elder of Nemelex Xobeh.
             Killed from afar by an acid dragon (12 damage)
             ... with a splash of acid
             ... on level 8 of the Dungeon.
             The game lasted 00:12:48 (7728 turns).

tensugalgo the Magician (Djinni Fire Elementalist)  Turns: 7728, Time: 00:12:48

Health: -7/72      AC:  2    Str:  7    XL:     10   Next: 41%
Gold:   1524       EV: 15    Int: 22    God:    Nemelex Xobeh [****..] SH:  0 Dex: 13

rFire   + + .      SeeInvis .    m - +9 dagger "Concordance" {flame, *Noise rElec rPois Stlth+}
rCold   x . .      Faith    .    (no shield)
rNeg    . . .      Spirit   .    a - +0 robe
rPois   ∞          Reflect  .    (no helmet)
rElec   +          Harm     .    (no cloak)
rCorr   .          Rampage  .    (no gloves)
Will    +....                    (boots unavailable)
Stlth   +++                      (no amulet)
HPRegen 0.32/turn                (no ring)
MPRegen 0.00/turn                (no ring)

@: flying, very slightly contaminated, invisible
A: sickness immunity, fire resistance 2, cold vulnerability 1, float, innate
caster, HP casting, extra vitality 1
a: Renounce Religion, Draw Escape, Draw Destruction, Draw Summoning, Triple
Draw, Deal Four


You were on level 8 of the Dungeon.
You worshipped Nemelex Xobeh.
Nemelex Xobeh was greatly pleased with you.
You visited 1 branch of the dungeon, and saw 8 of its levels.

You collected 1524 gold pieces.

Inventory:

Hand Weapons
 m - the +9 dagger "Concordance" (weapon) {flame, *Noise rElec rPois Stlth+}
   (You found it on level 3 of the Dungeon)

   rElec:     It insulates you from electricity.
   rPois:     It protects you from poison.
   *Noise:    It may make noises in combat.
   Stlth:     It makes you more stealthy.
Missiles
 k - a throwing net
 q - 7 curare-tipped darts
Armour
 a - a +0 robe (worn)
Magical Staves
 j - a staff of earth
Wands
 c - a wand of flame (6)
 u - a wand of light (4)
 v - a wand of iceblast (3)
 w - a wand of polymorph (8)
Scrolls
 f - 3 scrolls of teleportation
 l - 4 scrolls of amnesia
 n - 4 scrolls of vulnerability
 r - 2 scrolls of noise
 t - a scroll of poison
Potions
 b - a potion of magic
 d - a potion of heal wounds {unknown}
 e - 2 potions of resistance {unknown}
 g - 5 potions of curing {unknown}
 h - a potion of degeneration {unknown}
 i - 2 potions of brilliance {unknown}
 p - a potion of flight


   Skills:
 - Level 6.0 Fighting
 - Level 7.0 Dodging
 - Level 2.0 Stealth
 + Level 7.8 Spellcasting
 - Level 5.0 Invocations
 - Level 3.0 Evocations


You had 3 spell levels left.
You knew the following spells:

 Your Spells              Type           Power      Damage    Failure   Level
a - Foxfire               Conj/Fire      100%       2x1d9     1%          1
b - Scorch                Fire           86%        2d9       1%          2
c - Kindle Blastsparks    Fire/Tloc/Air  86%        2d17      1%          3
d - Inner Flame           Hex/Fire       43%        N/A       1%          3
e - Flame Wave            Conj/Fire      43%        2d11      3%          4
f - Sandblast             Erth           86%        2d18      1%          1
g - Blink                 Tloc           86%        N/A       1%          2
h - Call Imp              Summ           43%        N/A       1%          2
i - Teleport Other        Tloc           43%        N/A       1%          3
Your spell library was empty.

Dungeon Overview and Level Annotations

Branches:
Dungeon (8/15)             Temple (0/1) D:6
   Lair: D:8-11

Altars:
Elyvilon
Gozag
Nemelex Xobeh
Qazlal
Ru
Trog
Wu Jian
Xom
Zin
The Shining One

Shops:
D:2 (   D:5 *   D:6 :

Portals:
Abyss: D:1***

Annotations:
D:6 Eustachio


Innate Abilities, Weirdness & Mutations

You are immune to sickness and miasma.
You are immune to poison.
Your flesh is very heat resistant. (rF++)
You are vulnerable to cold. (rC-)
You float through the air rather than walking.
You learn spells naturally, not from books.
Your magical power is your life essence.
You have superior vitality. (+4 MHP)


Message History

You are very lightly contaminated with residual magic.
Nothing appears to happen.
The wyvern bites you! The wyvern closely misses you. The wyvern bites you!
* * * LOW HITPOINT WARNING * * *
The wyvern is no longer more vulnerable to fire.
The wyvern bites you.
* * * LOW HITPOINT WARNING * * *
The wyvern barely misses you.
Casting: Flame Wave (dangerous; 3% risk of failure)
Confirm with . or Enter, or press ? or * to list all spells.
Okay, then.
Casting: Flame Wave (dangerous; 3% risk of failure)
Confirm with . or Enter, or press ? or * to list all spells.
Aiming: Teleport Other (safe; 1% risk of failure)
Press: ? - help, Shift-Dir - straight line, f - wyvern
Aim: a wyvern (severely wounded, chance to affect: 77%)
The wyvern barely resists.
* * * LOW HITPOINT WARNING * * *
The wyvern misses you.
Casting: Teleport Other (safe; 1% risk of failure)
Confirm with . or Enter, or press ? or * to list all spells.
You don't have enough health to cast this spell.
Unknown command.
Okay, then.
As you read the scroll of fear, it crumbles to dust.
You assume a fearsome visage.
The wyvern looks frightened!
An acid dragon comes into view.
Things that are here:
a +3 short sword; a +0 short sword; a kobold corpse
Okay, then.
Okay, then.
You fade into invisibility!
A centaur comes into view.
You draw a card...
You have drawn the Tomb.
Walls emerge from the floor!
The walls disappear prematurely!
You draw a card...
You have drawn the Cloud.
Clouds appear around you!
The acid dragon spits acid at something.
The splash of acid hits you!
You die...
Your body disappears without a glow.

#.## #.# #.##
...# .8.# ## ...#
.# #.## #+# .#
#..# #.#######.#
##.# #l.c)D§(@.#
#.# ###'#########
##'####.........#
#...............#
#...............#
#...............#
#...............#
#...............#
'...............#


You could see an acid dragon (unable to see you, catching breath).

Vanquished Creatures
  A two-headed ogre (D:6)
  Grinder (D:6)
  Prince Ribbit (D:8)
  A wyvern (D:7)
  A yak (D:6)
  A steam dragon (D:7)
  A wraith (D:6)
  A vampire mosquito (D:6)
  2 water moccasins (D:6)
  A black bear (D:5)
  An ice beast (D:5)
  3 ogres
  A centaur (D:7)
  2 kobold brigands
  3 scorpions
  3 wights (D:5)
  A howler monkey (D:5)
  5 quasits (D:4)
  3 hounds
  3 jellies
  2 orc priests
  A gnoll bouda (D:7)
  2 orc wizards (D:8)
  3 iguanas
  16 gnolls
  10 adders
  A shadow imp (D:7)
  4 white imps
  2 ufetubi
  3 worms
  3 dart slugs
  7 orcs
  5 ball pythons
  15 endoplasms
  2 giant cockroaches
  10 goblins
  15 hobgoblins
  4 jackals (D:2)
  2 quokkas
  6 bats
  8 frilled lizards
  22 kobolds
  4 rats
183 creatures vanquished.

Vanquished Creatures (others)
  5 demonic plants (D:4)
  612 foxfires
617 creatures vanquished.

Grand Total: 800 creatures vanquished

Notes
Turn   | Place    | Note
-------+----------+-------------------------------------------
     0 | D:1      | tensugalgo the Djinni Fire Elementalist began the quest for
                  | the Orb.
     0 | D:1      | tensugalgo set off with the following spells memorised:
                  | Foxfire, Scorch, Kindle Blastsparks, Inner Flame, Flame
                  | Wave.
     0 | D:1      | Reached XP level 1. HP: 15/15 MP: 0/0
   127 | D:1      | Reached XP level 2. HP: 16/21 MP: 0/0
   340 | D:1      | Noticed a great orb of eyes
   343 | D:1      | Found a faded altar of an unknown god.
   346 | D:1      | Noticed a great orb of eyes
   347 | D:1      | Noticed a golden eye
   347 | D:1      | Noticed a golden eye
   352 | D:1      | Prayed at the altar of an unknown god.
   352 | D:1      | Became a worshipper of Nemelex Xobeh the Trickster
   352 | D:1      | Reached * piety under Nemelex Xobeh
   399 | D:1      | Reached XP level 3. HP: 24/25 MP: 0/0
   399 | D:1      | Learned a level 1 spell: Sandblast
   622 | D:1      | Received a gift from Nemelex Xobeh
   950 | D:2      | Found a glowing silver altar of Zin.
  1024 | D:2      | Reached skill level 1 in Fighting
  1069 | D:2      | Reached XP level 4. HP: 30/32 MP: 0/0
  1143 | D:2      | Found Saseest's Weapon Boutique.
  1333 | D:1      | Reached XP level 5. HP: 28/38 MP: 0/0
  1333 | D:1      | Learned a level 2 spell: Blink
  2209 | D:3      | Found a sacrificial altar of Ru.
  2257 | D:3      | Identified the +9 dagger "Concordance" {flame, *Noise rElec
                  | rPois Stlth+}
  2271 | D:3      | Reached XP level 6. HP: 40/45 MP: 0/0
  2449 | D:3      | Found Olich's Distillery.
  2496 | D:3      | Reached ** piety under Nemelex Xobeh
  2639 | D:3      | Received a gift from Nemelex Xobeh
  2869 | D:3      | Found an ornate altar of the Wu Jian Council.
  3491 | D:4      | Reached XP level 7. HP: 34/50 MP: 0/0
  3491 | D:4      | Learned a level 2 spell: Call Imp
  3830 | D:4      | Reached skill level 5 in Dodging
  3928 | D:5      | Entered Level 5 of the Dungeon
  3998 | D:5      | You are sucked into a shaft and drop 1 floor!
  4013 | D:6      | Received a gift from Nemelex Xobeh
  4024 | D:6      | Found a bloodstained altar of Trog.
  4054 | D:5      | Found Paeriukk's Assorted Antiques.
  4086 | D:5      | Found a stormy altar of Qazlal.
  4239 | D:5      | Reached skill level 5 in Spellcasting
  4239 | D:5      | Reached XP level 8. HP: 51/58 MP: 0/0
  4513 | D:5      | Reached skill level 1 in Evocations
  4576 | D:5      | Reached skill level 1 in Invocations
  4650 | D:5      | Reached *** piety under Nemelex Xobeh
  4651 | D:5      | Found a sparkling altar of Nemelex Xobeh.
  4657 | D:5      | Found an opulent altar of Gozag.
  4763 | D:5      | Found a glowing golden altar of the Shining One.
  4801 | D:5      | Found a shimmering altar of Xom.
  4874 | D:5      | Identified a scroll of acquirement
  4876 | D:5      | Acquired 1002 gold pieces
  4986 | D:6      | Found Vakhacor's Book Shoppe.
  5041 | D:6      | Noticed Eustachio
  5153 | D:6      | Reached XP level 9. HP: 58/63 MP: 0/0
  5153 | D:6      | Learned a level 3 spell: Teleport Other
  5185 | D:6      | Received a gift from Nemelex Xobeh
  5474 | D:6      | Noticed a two-headed ogre
  5593 | D:6      | Reached skill level 5 in Fighting
  5686 | D:6      | Noticed Grinder
  5783 | D:6      | Found a staircase to the Ecumenical Temple.
  5808 | D:6      | Killed Grinder
  5994 | D:6      | Killed a two-headed ogre
  5995 | D:6      | Reached XP level 10. HP: 63/72 MP: 0/0
  6880 | D:7      | Reached **** piety under Nemelex Xobeh
  7123 | D:7      | Reached skill level 5 in Invocations
  7219 | D:7      | Received a gift from Nemelex Xobeh
  7611 | D:8      | Found a white marble altar of Elyvilon.
  7638 | D:8      | Noticed Prince Ribbit
  7643 | D:8      | Killed Prince Ribbit
  7728 | D:8      | Killed from afar by an acid dragon

Illustrated notes

Levels and vault maps discovered:
D:1:      minmay_arrival_glassed_features, layout_basic,
          hellmonk_ecumenical_altar_watching_god
D:2:      minmay_chambers_of_twos, layout_rooms, serial_shops, shop, basic_altar
D:3:      layout_loops_ring, nzn_wu_jian_council_hall,
          nicolae_overflow_crystal_walls, serial_shops,
          nicolae_shop_advertising_works [nicolae_subvault_shop_adworks]
D:4:      layout_basic, serial_demonic, serial_demonic_c, serial_demonic_d,
          serial_demonic_g, serial_demonic_f
D:5:      layout_cave_pools, minmay_overflow_temple_star_quad,
          mainiacjoe_overflow_two_lobes, nicolae_qazlal_scattered_showers,
          serial_shops, shop, bh_walls_and_bars
D:6:      layout_basic, trog_three_pillars_becter, minmay_temple_entry_poolview,
          hangedman_decor_opposing, nicolae_stop_n_shop_1, kb_rosetta,
          uniq_eustachio, uniq_grinder
D:7:      layout_gridville
D:8:      layout_basic, mainiacjoe_overflow_tiny_flanked, elyvilon_altar_1,
          serial_curves, eino_curves_01, eino_curves_02, eino_curves_01,
          chequers_serial_rivers_marsh, uniq_gastronok, uniq_prince_ribbit1

Skill      XL: |  1  2  3  4  5  6  7  8  9 10 |
---------------+-------------------------------+-----
Stealth        | 2 |  2.0
Dodging        | 3 4 5 6 7 |  7.0
Fighting       | 1 2 3 4 5 6 |  6.0
Spellcasting   | 3 5 6 7 |  7.8
Evocations     | 1 3 |  3.0
Invocations    | 1 4 5 |  5.0

Action                   |  1- 3 |  4- 6 |  7- 9 | 10-12 || total
-------------------------+-------+-------+-------+-------++-------
Melee: Quarterstaff      |     3 |     1 |       |       ||     4
       Dagger            |       |       |       |    10 ||    10
       Punch             |       |       |       |     1 ||     1
 Cast: Foxfire           |    81 |   130 |   116 |    35 ||   362
       Scorch            |     6 |    44 |    45 |    10 ||   105
       Blink             |       |     1 |     1 |       ||     2
       Sandblast         |       |     1 |     2 |       ||     3
       Call Imp          |       |       |     4 |     1 ||     5
       Flame Wave        |       |       |       |     9 ||     9
       Teleport Other    |       |       |       |     1 ||     1
Invok: Draw Destruction  |       |       |     3 |       ||     3
       Draw Escape       |       |       |       |     2 ||     2
  Use: Scroll            |       |     2 |     5 |     4 ||    11
       Potion            |       |       |       |     1 ||     1
 Stab: Sleeping          |       |       |       |     1 ||     1
Armor: Robe              |     3 |    13 |     3 |     1 ||    20
Dodge: Dodged            |     3 |    38 |    20 |    16 ||    77

Table legend: (Time is in decaauts)
 A = Elapsed time spent in this place.
 B = Non-inter-level travel time spent in this place.
 C = Inter-level travel time spent in this place.
 D = Time resting spent in this place.
 E = Time spent auto-exploring this place.
 F = Levels seen in this place.
 G = Mean time per level.
                   A        B        C        D        E       F      G
               +--------+--------+--------+--------+--------+-----+--------+
         Total |   7731 |   7471 |    260 |    600 |   5780 |   8 |  966.4 |
       Dungeon |   7731 |   7471 |    260 |    600 |   5780 |   8 |  966.4 |
               +--------+--------+--------+--------+--------+-----+--------+

Top non-repeatable levels by time:
     D:6: 1409 daAuts
     D:7: 1187 daAuts
     D:2: 1128 daAuts
     D:5: 1018 daAuts
     D:1: 1001 daAuts
     D:4: 971 daAuts
     D:3: 829 daAuts
     D:8: 185 daAuts
